 Seeded DCSS version 0.27.1-35-g4d5d836560 (webtiles) character file.

Game seed: 12341234123412341234 (custom seed)

264 xaos the Covered (level 6, 0/48 HPs)
             Began as a Human Fighter on Mar 25, 2022.
             Slain by a kobold (3 damage)
             ... on level 4 of the Dungeon.
             The game lasted 00:18:23 (3799 turns).

xaos the Covered (Human Fighter)                    Turns: 3799, Time: 00:18:24

Health: 0/48       AC:  9    Str: 16    XL:     6   Next: 43%
Magic:  6/6        EV:  5    Int:  9    God:
Gold:   142        SH:  9    Dex: 14    Spells: 5/5 levels left

rFire    . . .     SeeInvis +   a - +0 long sword
rCold    . . .     Faith    .   c - +0 kite shield
rNeg     + . .     Spirit   .   D - +0 chain mail
rPois    .         Reflect  .   (no helmet)
rElec    .         Harm     .   (no cloak)
rCorr    .         Rampage  .   (no gloves)
Will     .....                  (no boots)
Stlth    ..........             (no amulet)
HPRegen  0.16/turn              o - ring of see invisible
MPRegen  0.10/turn              x - ring of positive energy

@: on berserk cooldown, slowed, very slow
A: no striking features
a: no special abilities


You were on level 4 of the Dungeon.
You visited 1 branch of the dungeon, and saw 4 of its levels.

You collected 142 gold pieces.

Inventory:

Hand Weapons
 a - a +0 long sword (weapon)
 h - a +2 dagger of electrocution
 n - a +0 short sword
 w - a +0 hunting sling
Missiles
 e - 63 stones
 g - 8 javelins
 j - 19 sling bullets
 t - 2 boomerangs (quivered)
 E - 2 poisoned darts
 G - 4 curare-tipped darts
Armour
 b - a +0 scale mail
 c - a +0 kite shield (worn)
 v - a +0 scale mail of poison resistance
 D - a +0 chain mail (worn)
Magical Staves
 f - a staff of fire
Jewellery
 o - a ring of see invisible (left hand)
 x - a ring of positive energy (right hand)
Scrolls
 i - 2 scrolls of identify {unknown}
 k - 2 scrolls of enchant weapon {unknown}
 l - a scroll of teleportation {unknown}
 m - 2 scrolls of enchant armour {unknown}
 p - a scroll of fog {unknown}
 u - a scroll of blinking {unknown}
 y - a scroll of brand weapon {unknown}
Potions
 d - 2 potions of might
 q - a potion of brilliance {unknown}
 r - 2 potions of heal wounds {unknown}
 s - a potion of resistance {unknown}
 z - a potion of curing {unknown}
 A - a potion of flight {unknown}
 B - a potion of mutation {unknown}
 C - 2 potions of attraction {unknown}
 F - a potion of degeneration {unknown}
 H - a potion of haste {unknown}


   Skills:
 + Level 3.7 Fighting
 + Level 3.9 Long Blades
 + Level 4.0 Armour
 + Level 1.2 Dodging
 + Level 1.2 Stealth
 + Level 3.8 Shields


You had 5 spell levels left.
You didn't know any spells.
Your spell library contained the following spells:

 Spells                   Type           Power      Damage    Failure   Level
 Slow                     Hex            0%         N/A       100%        2
 Confusing Touch          Hex            0%         N/A       100%        3
 Vampiric Draining        Necr           0%         2d6       100%        3


Dungeon Overview and Level Annotations

Branches:
Dungeon (4/15)
 Temple: D:4-7

Altars:

Shops:
D:1 [   D:2 *!(

Annotations:
D:4 cbfl8's ghost, novice MiDe


Message History

You blink.
You feel a strong urge to attack something.
You feel your anger nearly subside.
You are no longer berserk.
You are exhausted.
You feel yourself slow down.
You hit the kobold.
You kill the kobold!
Cbfl8's ghost hits you but does no damage.
Cbfl8's ghost hits you!
You see here a +1 short sword of distortion.
You hit cbfl8's ghost.
Cbfl8's ghost is lightly damaged.
Cbfl8's ghost hits you but does no damage.
Cbfl8's ghost barely misses you.
You riposte.
You slash cbfl8's ghost!
Cbfl8's ghost is moderately damaged.
You hit cbfl8's ghost but do no damage.
Cbfl8's ghost is moderately damaged.
You block cbfl8's ghost's attack. The kobold hits you but does no damage.
You block the kobold's attack.
Cbfl8's ghost hits you but does no damage.
The kobold hits you with a +0 short sword.
You block the kobold's attack.
You hit the kobold.
The kobold is heavily wounded.
Cbfl8's ghost hits you! You block the kobold's attack.
The kobold hits you but does no damage. Cbfl8's ghost hits you.
* * * LOW HITPOINT WARNING * * *
The kobold hits you but does no damage. You block the kobold's attack.
You closely miss the kobold. You block cbfl8's ghost's attack.
You block the kobold's attack. The kobold hits you with a +0 whip.
* * * LOW HITPOINT WARNING * * *
Cbfl8's ghost hits you!
* * * LOW HITPOINT WARNING * * *
The kobold hits you but does no damage. x2
You hit the kobold.
You kill the kobold!
Cbfl8's ghost hits you but does no damage.
The kobold hits you with a +0 short sword.
You die...

#..()<..# #.. ..#
#....)..# #.# #.#
#.......####.# #.#
#............# #.#
#.......###..# #.#
#.......# #..#######.#
#.......###..##KK.##.###
########.....##)#K##...#
#.##...K@WKK).#.#
...##..##.######.# ##
.....##.# #K## .
#.##.###.# ####KK##....
# #. #.# #..KKKK..... ..
#.# #.##K''##... ### #.#
###.....###. #.#
#.#...#.# #⌠:#.#.⌠#


You could see cbfl8's ghost and 6 kobolds.

Vanquished Creatures
  A kobold brigand (D:4)
  An orc priest (D:2)
  2 orc wizards (D:2)
  4 adders
  A worm (D:4)
  3 dart slugs
  2 orcs (D:2)
  5 ball pythons
  5 endoplasms
  4 giant cockroaches
  8 goblins
  7 hobgoblins
  3 jackals (D:1)
  3 quokkas
  9 bats
  5 frilled lizards
  6 kobolds
  4 rats
73 creatures vanquished.

Notes
Turn   | Place    | Note
-------+----------+-------------------------------------------
     0 | D:1      | xaos the Human Fighter began the quest for the Orb.
     0 | D:1      | Reached XP level 1. HP: 18/18 MP: 1/1
    86 | D:1      | Reached XP level 2. HP: 15/24 MP: 2/2
   327 | D:1      | Found Zopuat's Armour Boutique.
   606 | D:1      | Reached XP level 3. HP: 29/29 MP: 3/3
  1455 | D:2      | Found Ypetafaph's Antique Weapon Shop.
  1495 | D:2      | Reached skill level 1 in Stealth
  1495 | D:2      | Reached XP level 4. HP: 22/35 MP: 4/4
  1922 | D:2      | Reached XP level 5. HP: 31/41 MP: 5/5
  2013 | D:2      | Reached skill level 1 in Dodging
  2051 | D:2      | Found Heabof's Distillery.
  2441 | D:2      | Found Maots's Assorted Antiques.
  2648 | D:2      | Found a faded altar of an unknown god.
  3490 | D:4      | Reached XP level 6. HP: 13/47 MP: 6/6
  3762 | D:4      | Found a runed translucent gate.
  3762 | D:4      | Found a runed translucent gate.
  3762 | D:4      | Found a runed translucent gate.
  3763 | D:4      | Noticed cbfl8's ghost (novice MiDe)
  3786 | D:4      | Reached skill level 4 in Armour
  3799 | D:4      | Slain by a kobold

Illustrated notes

Levels and vault maps discovered:
D:1:      dpeg_arrival_leaves_temple_mockup, layout_basic, serial_shops, shop,
          minmay_pentomino_z4
D:2:      layout_loops_ring, shapermc_ecumenical_altar_mp_highgroup,
          serial_shops, shop, shop, shop, corexii_leaking_fountain
D:3:      layout_loops_ring
D:4:      layout_loops_ring, minmay_temple_entry_glassed_door,
          gammafunk_ghost_nasty_kobolds, amcnicky_mini_pool_small,
          serial_bayou_lagoon_a, uniq_ijyb

Skill      XL: |  1  2  3  4  5  6 |
---------------+-------------------+-----
Stealth        | 1 |  1.2
Long Blades    | 3 |  3.9
Dodging        | 1 |  1.2
Armour         | 4 |  4.0
Fighting       | |  3.7
Shields        | |  3.8

Action                   |  1- 3 |  4- 6 || total
-------------------------+-------+-------++-------
Melee: Long sword        |   106 |   130 ||   236
 Stab: Confused          |       |     2 ||     2
Armor: Scale mail        |    62 |    54 ||   116
       Chain mail        |       |    26 ||    26
Dodge: Dodged            |    36 |    33 ||    69
Block: Kite shield       |    60 |    68 ||   128
       Rpst.: Long sword |     8 |    12 ||    20
